 Dungeon Crawl Stone Soup version 0.17-a0-1748-g222fba8 (webtiles) character file.

274 Kolbur the Chiller (level 6, -7/43 HPs)
             Began as a Merfolk Ice Elementalist on Sept 1, 2015.
             Mangled by an ogre
             ... wielding a +0 giant club
              (26 damage)
             ... on level 4 of the Dungeon.
             The game lasted 00:27:49 (1693 turns).

Kolbur the Chiller (Merfolk Ice Elementalist)       Turns: 1693, Time: 00:27:49

Health: -7/43      AC:  3    Str:  8    XL:     6   Next: 24%
Magic:  2/9        EV: 14    Int: 14    God:
Gold:   128        SH:  0    Dex: 17    Spells: 2 memorised, 5 levels left

rFire  + . .     SeeInvis +     b - +0 blowgun
rCold  . . .     Clarity  .     a - +0 robe
rNeg   . . .     SustAt   .     (no shield)
rPois  .         Gourm    .     w - +0 helmet
rElec  .         Spirit   .     (no cloak)
rCorr  .         Warding  .     (no gloves)
rMut   .         Stasis   .     (no boots)
MR     .....                    (no amulet)
Stlth  ++........               v - ring of protection from fire
                                h - ring of see invisible

@: very slightly contaminated, not resistant to hostile enchantments, unstealthy
A: change form in water, swift swim
a: no special abilities


You were on level 4 of the Dungeon.
You were hungry.

You visited 1 branch of the dungeon, and saw 4 of its levels.

You collected 128 gold pieces.

Inventory:

Hand weapons
 b - a +0 blowgun (weapon)
 e - a +4 spear
 p - a +0 dagger
 r - a cursed -3 dagger
Missiles
 f - 78 stones
 n - 11 poisoned needles (quivered)
Armour
 a - a +0 robe (worn)
 w - a +0 helmet (worn)
Jewellery
 h - a ring of see invisible (left hand)
 v - a ring of protection from fire (right hand)
Magical devices
 s - a wand of enslavement (15)
 u - a wand of random effects (18)
Scrolls
 i - a scroll of identify {unknown}
 j - a scroll of magic mapping {unknown}
 k - a scroll of blinking {unknown}
 q - a scroll of remove curse {unknown}
 t - a scroll of immolation {unknown}
Potions
 d - 2 potions of curing {unknown}
 g - a potion of degeneration {unknown}
 l - 2 potions of magic {unknown}
 m - a potion of heal wounds {unknown}
Books
 o - a book of Frost

   Spells                             Type                      Level
   a - Freeze                         Ice                          1
   b - Throw Frost                    Conjuration/Ice              2
   c - Ozocubu's Armour               Charms/Ice                   3
   d - Throw Icicle                   Conjuration/Ice              4
   e - Summon Ice Beast               Ice/Summoning                4
   f - Condensation Shield            Ice                          4
Comestibles
 c - 2 bread rations


   Skills:
 + Level 1.5 Fighting
 - Level 3.8 Dodging
 - Level 2.1 Stealth
 + Level 4.2 Unarmed Combat
 - Level 2.0 Spellcasting
   Level 0.7 Conjurations
 - Level 5.0 Ice Magic


You had 5 spell levels left.
You knew the following spells:

 Your Spells              Type           Power        Failure   Level  Hunger
a - Freeze                Ice            ###.         2%          1    ##.....
o - Ozocubu's Armour      Chrm/Ice       #.......     24%         3    ####...


Dungeon Overview and Level Annotations

Branches:
Dungeon (4/15)
 Temple: D:4-7

Altars:
Fedhas
Sif Muna
Xom

Shops:
D:4 }


Message History

The ogre barely misses you.
Casting: Freeze
Confirm with . or Enter, or press ? or * to list all spells.
Aiming: Freeze
Press: ? - help, Shift-Dir - straight line, f/p - ogre
Aim: an ogre, wielding a giant club (moderately wounded)
You freeze the ogre.
The ogre is heavily wounded.
The ogre hits you with a giant club!!
Ouch! That really hurt!
Casting: Freeze
Confirm with . or Enter, or press ? or * to list all spells.
Aiming: Freeze
Press: ? - help, Shift-Dir - straight line, f/p - ogre
Aim: an ogre, wielding a giant club (heavily wounded)
You freeze the ogre.
The ogre is severely wounded.
The ogre hits you with a giant club!!
Ouch! That really hurt!
You die...

....# #.# ....# #.#
....# #.# .##.######.#
...........#### ####
####### .##.####......#
#.. ..#.. # #.# #..(...#
#.# #.#.# ###.#
#......####.#####.#.####
...<#
#........@O............#
.####
#......####Z#####.#..#.#
.## #......#
#.#####.#..... ..#
#......#
#.Z.ZZ..#..ZZ... ..#
###.####
#########...8... a.#
#.#. ......# ..# #.# #
h.....# ..# #. ......#
..# #


You could see an ogre and an adder zombie.

Vanquished Creatures
  2 orc priests (D:3)
  2 worker ants (D:4)
  Robin (D:4)
  3 adders
  4 gnolls (D:4)
  2 oozes
  2 giant geckos
  11 orcs (D:3)
  2 ball pythons
  3 bats
  5 giant cockroaches
  7 goblins (D:4)
  11 hobgoblins
  3 jackals (D:2)
  7 kobolds
  2 giant cockroach zombies (D:4)
  4 giant newts
  A jackal skeleton (D:3)
  2 quokkas (D:3)
  5 rats
79 creatures vanquished.

Notes
Turn   | Place    | Note
--------------------------------------------------------------
     0 | D:1      | Kolbur the Merfolk Ice Elementalist began the quest for the Orb.
     0 | D:1      | Reached XP level 1. HP: 13/13 MP: 3/3
   172 | D:2      | Reached skill level 1 in Unarmed Combat
   172 | D:2      | Reached XP level 2. HP: 19/19 MP: 0/5
   197 | D:2      | Found a blossoming altar of Fedhas.
   367 | D:2      | Reached skill level 4 in Ice Magic
   380 | D:2      | Reached XP level 3. HP: 22/24 MP: 3/6
   432 | D:3      | Learned a level 3 spell: Ozocubu's Armour
   654 | D:4      | Reached XP level 4. HP: 17/30 MP: 2/7
   955 | D:3      | Found a deep blue altar of Sif Muna.
  1042 | D:3      | Reached XP level 5. HP: 33/35 MP: 6/8
  1066 | D:3      | Reached skill level 5 in Ice Magic
  1164 | D:2      | Found a shimmering altar of Xom.
  1250 | D:4      | Found Ysuxe's Gadget Shoppe.
  1353 | D:4      | Noticed Robin
  1415 | D:4      | Killed Robin
  1475 | D:4      | Reached XP level 6. HP: 39/42 MP: 7/9
  1513 | D:4      | Reached skill level 1 in Fighting
  1549 | D:4      | Noticed a phantom
  1676 | D:4      | Noticed an ogre
  1693 | D:4      | Mangled by an ogre

Vault maps used:
D:1:      tarquinn_simple_flora_water_d, fountainhead, st_stairs_3,
          wad_floor_pattern_untrapped
D:2:      overflow_temple_1_default, xom_butterflies, tgw_trog,
          hangedman_decor_clover_reticule, hangedman_abyss_or_decor_stabs,
          uniq_crazy_yiuf_cottage
D:3:      led_sif_book
D:4:      serial_shops, shop, serial_undead, serial_undead_e, serial_undead_f,
          serial_undead_e, serial_undead_d, first_bread, uniq_menkaure,
          uniq_robin

Action                   |  1- 3 |  4- 6 || total
-------------------------+-------+-------++-------
Melee: Whip              |    16 |       ||    16
       Unarmed           |     1 |    12 ||    13
       Dagger            |       |     2 ||     2
 Fire: Blowgun           |     2 |    33 ||    35
Throw: Stone             |    18 |    11 ||    29
 Cast: Freeze            |    44 |    52 ||    96
       Ozocubu's Armour  |       |     1 ||     1
 Stab: Sleeping          |     3 |    12 ||    15
       Distracted        |       |     1 ||     1
  Eat: Chunk             |       |     4 ||     4
